 Dungeon Crawl Stone Soup version 0.27-a0-522-g46bbb28828 (webtiles) character file.

Game seed: 4806448887212347944

42 srzhan31 the Stinger (level 3, -5/21 HPs)
             Began as an Octopode Venom Mage on Mar 4, 2021.
             Slain by a gnoll
             ... wielding a +0 spear
              (9 damage)
             ... on level 2 of the Dungeon.
             The game lasted 00:05:03 (1072 turns).

srzhan31 the Stinger (Octopode Venom Mage)          Turns: 1072, Time: 00:05:04

Health: -5/21      AC:  1    Str:  7    XL:     3   Next: 56%
Magic:  4/7        EV: 13    Int: 18    God:
Gold:   86         SH:  0    Dex: 12    Spells: 6/7 levels left

rFire    . . .     SeeInvis .   (no weapon)
rCold    . . .     Faith    .   (no shield)
rNeg     . . .     Spirit   .   (helmet restricted)
rPois    .         Reflect  .   b - amulet of magic regeneration
rElec    .         Harm     .   (no ring)
rCorr    .         Rampage  .   (no ring)
Will     .....                  (no ring)
Stlth    +++.......             (no ring)
HPRegen  0.07/turn              (no ring)
MPRegen  0.35/turn              (no ring)
                                (no ring)
                                (no ring)

@: very slightly contaminated
A: almost no armour, amphibious, 8 rings, constrict 8, camouflage 1, gelatinous
body 1, nimble swimmer 1
a: no special abilities


You were on level 2 of the Dungeon.
You visited 1 branch of the dungeon, and saw 2 of its levels.

You collected 86 gold pieces.

Inventory:

Jewellery
 b - an amulet of magic regeneration (around mantle)
Scrolls
 d - a scroll of random uselessness {unknown}
 f - 3 scrolls of identify {unknown}
 g - a scroll of blinking {unknown}
Potions
 a - 2 potions of might {unknown}
 c - 2 potions of curing {unknown}
 e - 2 potions of lignification {unknown}


   Skills:
 + Level 2.1 Dodging
 + Level 2.9 Stealth
 + Level 2.6 Spellcasting
 + Level 1.5 Transmutations
 + Level 4.3 Poison Magic


You had 6 spell levels left.
You knew the following spells:

 Your Spells              Type           Power        Failure   Level
a - Sting                 Tmut/Pois      48%          5%          1

Your spell library contained the following spells:

 Spells                   Type           Power        Failure   Level
 Poisonous Vapours        Pois/Air       20%          11%         2
 Ignite Poison            Fire/Tmut/Pois 9%           22%         3
 Mephitic Cloud           Conj/Pois/Air  7%           28%         3
 Olgreb's Toxic Radiance  Pois           18%          28%         4


Dungeon Overview and Level Annotations

Branches:
Dungeon (2/15)

Altars:


Innate Abilities, Weirdness & Mutations

You cannot wear most types of armour.
You are amphibious.
You can wear up to eight rings at the same time.
You can use your tentacles to constrict eight enemies at once.
Your skin changes colour to match your surroundings (Stealth+).
Your rubbery body absorbs attacks. (AC +1, EV +1)
You are stealthy while swimming. (Stealth+)


Message History

The sting misses the bat.
The sting hits the adder but does no damage.
The adder is poisoned.
The bat completely misses you.
A gnoll comes into view. It is wielding a +0 spear.
Aiming: Sting (safe; 5% risk of failure)
Press: ? - help, Q - select action Shift-Dir - straight line, f/p - bat
Aim: a bat (43% to evade)
You miscast Sting.
You are very lightly contaminated with residual magic.
Nothing appears to happen.
The bat misses you.
A gnoll comes into view. It is wielding a +0 flail.
Aiming: Sting (safe; 5% risk of failure)
Press: ? - help, Q - select action Shift-Dir - straight line, f - adder, p - bat
Aim: an adder (moderately wounded, poisoned, 47% to evade)
The sting hits the adder.
The adder looks even sicker.
The adder is heavily wounded.
The bat hits you. The bat closely misses you. The adder bites you.
You closely miss the adder. Your grab misses the adder.
Your squeeze misses the adder.
The adder is heavily wounded.
The bat closely misses you. The adder bites you. The adder barely misses you.
You barely miss the adder. Your grab misses the adder.
The adder is almost dead.
The gnoll hits you from afar with a +0 spear.
The bat misses you. The adder closely misses you.
You tentacle-slap the adder but do no damage.
Your grab misses the adder.
The adder is almost dead.
The bat hits you. The adder bites you.
* * * LOW HITPOINT WARNING * * *
A gnoll comes into view. It is wielding a +0 club.
The gnoll misses you.
You tentacle-slap the bat. You grab the bat. You squeeze the bat.
You kill the bat!
The adder bites you.
* * * LOW HITPOINT WARNING * * *
The gnoll hits you from afar with a +0 spear!
You die...

#.#.##
#.#..###
..##..†##
####.....##
##.....##
###....## .
###...#
....###.#
....ggS@#
....g####
.... g.. ..
.


You could see 3 gnolls, an adder (very poisoned) and a goblin.

Vanquished Creatures
  3 dart slugs
  3 leopard geckos
  4 giant cockroaches (D:1)
  3 goblins (D:1)
  2 hobgoblins (D:1)
  2 jackals (D:1)
  3 ball pythons
  5 bats
  A frilled lizard (D:1)
  4 kobolds
  3 rats (D:1)
33 creatures vanquished.

Notes
Turn   | Place    | Note
-------+----------+-------------------------------------------
     0 | D:1      | srzhan31 the Octopode Venom Mage began the quest for the
                  | Orb.
     0 | D:1      | Reached XP level 1. HP: 11/11 MP: 3/3
   274 | D:1      | Reached skill level 4 in Poison Magic
   274 | D:1      | Reached XP level 2. HP: 17/17 MP: 3/5
   513 | D:1      | Reached XP level 3. HP: 13/21 MP: 3/6
   929 | D:2      | Noticed a water moccasin
  1072 | D:2      | Slain by a gnoll

Illustrated notes

Levels and vault maps discovered:
D:1:      eino_arrival_water_star, layout_loops_cross, minmay_octomino_c4
D:2:      minmay_skewed_foursquare, layout_rooms, lemuel_coloured_pillars_altar,
          chequers_avenue

Skill      XL: |  1 |
---------------+----+-----
Poison Magic   | 4 |  4.3
Dodging        | |  2.1
Stealth        | |  2.9
Spellcasting   | |  2.6
Transmutations | |  1.5

Action                   || total
-------------------------++-------
Melee: Unarmed           ||    41
       Constrict         ||    12
       Tentacles         ||     9
 Cast: Sting             ||    41
 Stab: Sleeping          ||     1
Armor: Skin              ||     5
Dodge: Dodged            ||    40

Table legend: (Time is in decaauts)
 A = Elapsed time spent in this place.
 B = Non-inter-level travel time spent in this place.
 C = Inter-level travel time spent in this place.
 D = Time resting spent in this place.
 E = Time spent auto-exploring this place.
 F = Levels seen in this place.
 G = Mean time per level.
                   A        B        C        D        E       F      G
               +--------+--------+--------+--------+--------+-----+--------+
         Total |   1072 |   1072 |      0 |      0 |      0 |   2 |  536.0 |
       Dungeon |   1072 |   1072 |      0 |      0 |      0 |   2 |  536.0 |
               +--------+--------+--------+--------+--------+-----+--------+

Top non-repeatable levels by time:
     D:1: 996 daAuts
     D:2: 76 daAuts
